 Dungeon Crawl Stone Soup version 0.28-a0-957-g42eb19b844 (webtiles) character file.

Game seed: 673274777376957824

0 meatgazer the Skirmisher (level 1, -7/18 HPs)
             Began as a Demonspawn Abyssal Knight on Nov 30, 2021.
             Was a Follower of Lugonu.
             Mangled by a tentacled starspawn (13 damage)
             ... on level 2 of the Abyss.
             The game lasted 00:00:25 (103 turns).

meatgazer the Skirmisher (Demonspawn Abyssal Knight) Turns: 103, Time: 00:00:26

Health: -7/18      AC:  3    Str: 13    XL:     1   Next: 0%
Magic:  2/2        EV: 11    Int: 11    God:    Lugonu [*.....]
Gold:   13         SH:  0    Dex: 13    Spells: 0/0 levels left

rFire   . . .      SeeInvis .   a - +1 falchion
rCold   . . .      Faith    .   (no shield)
rNeg    . . .      Spirit   .   b - +0 leather armour
rPois   .          Reflect  .   (no helmet)
rElec   .          Harm     .   (no cloak)
rCorr   .          Rampage  .   (no gloves)
Will    .....                   (no boots)
Stlth   +.........              (no amulet)
HPRegen 0.06/turn               (no ring)
MPRegen 0.08/turn               (no ring)

@: no status effects
A: no striking features
a: Renounce Religion, Depart the Abyss


You were on level 2 of the Abyss.
You worshipped Lugonu.
Lugonu was aware of your devotion.
You visited 0 branches of the dungeon, and saw 0 of its levels.
You visited the Abyss 1 time.

You collected 13 gold pieces.

Inventory:

Hand Weapons
 a - a +1 falchion (weapon)
Armour
 b - a +0 leather armour (worn)
Miscellaneous
 c - a lightning rod (1/4)


   Skills:
 + Level 3.0 Fighting
 + Level 1.7 Long Blades
 + Level 1.7 Armour
 + Level 0.8 Dodging
 + Level 2.4 Invocations


You couldn't memorise any spells.
You didn't know any spells.
Your spell library was empty.

Dungeon Overview and Level Annotations

Branches:
Dungeon (0/15)

Altars:


Message History

Unknown command.
A chaos spawn comes into view.
Found a lightning rod (4/4).
The chaos spawn squeals angrily.
Found a dire flail.
Found 19 sling bullets.
You see here 13 gold pieces.
You now have 13 gold pieces.
You see here a lightning rod (4/4).
c - a lightning rod (4/4)
Aiming: Thunderbolt
Press: ? - help, Shift-Dir - straight line, f - tentacled starspawn
Aim: a tentacled starspawn The thunderbolt hits the chaos spawn!
The chaos spawn is moderately wounded.
The thunderbolt hits the tentacled starspawn.
The tentacled starspawn is lightly damaged.
You hear a bark!
You hear a horrible gurgling sound!
Aiming: Thunderbolt
Press: ? - help, Shift-Dir - straight line, f/p - tentacled starspawn
Aim: a tentacled starspawn (lightly damaged)
The thunderbolt hits the tentacled starspawn.
The tentacled starspawn is lightly damaged.
The thunderbolt hits the chaos spawn!
The chaos spawn is almost dead.
You hear a bark!
You hear a horrible gurgling sound!
Aiming: Thunderbolt
Press: ? - help, Shift-Dir - straight line, f/p - tentacled starspawn
Aim: a tentacled starspawn (lightly damaged)
The thunderbolt hits the tentacled starspawn!!
The tentacled starspawn is moderately damaged.
The thunderbolt hits the chaos spawn!!
You kill the chaos spawn!
The chaos spawn degenerates into a cloud of primal chaos!
You hear a horrible gurgling sound! x2
The tentacled starspawn bites you!
Ouch! That really hurt!
The tentacled starspawn tentacle-slaps you!
Ouch! That really hurt!
You die...

..# ..#. .# . #
...#.## ##..#..X
#...####.# #
...###Xw.#
##.#..#..#....
##§...#.#.X......
#X.##..## § .##$
#@..#.## #.
#(....# # #
###...# . ##
#)#..# ##...#
.### #


You could see a tentacled starspawn.

Vanquished Creatures
  A chaos spawn (Abyss:2)
1 creature vanquished.

Vanquished Creatures (others)
  2 starspawn tentacles (Abyss:2)
2 creatures vanquished.

Grand Total: 3 creatures vanquished

Notes
Turn   | Place    | Note
-------+----------+-------------------------------------------
     0 | Abyss:1  | meatgazer the Demonspawn Abyssal Knight began the quest for
                  | the Orb.
     0 | Abyss:1  | Reached XP level 1. HP: 18/18 MP: 2/2
    86 | Abyss:2  | Noticed a tentacled starspawn
    92 | Abyss:2  | Noticed a chaos spawn
   103 | Abyss:2  | Killed a chaos spawn
   103 | Abyss:2  | Mangled by a tentacled starspawn

Illustrated notes

Levels and vault maps discovered:
Abyss:2:  base:
Temple

Action                   || total
-------------------------++-------
Evoke: Lightning rod     ||     3

Table legend: (Time is in decaauts)
 A = Elapsed time spent in this place.
 B = Non-inter-level travel time spent in this place.
 C = Inter-level travel time spent in this place.
 D = Time resting spent in this place.
 E = Time spent auto-exploring this place.
 F = Levels seen in this place.
 G = Mean time per level.
                   A        B        C        D        E       F      G
               +--------+--------+--------+--------+--------+-----+--------+
         Total |    102 |    102 |      0 |      0 |     77 |   2 |   51.0 |
         Abyss |    102 |    102 |      0 |      0 |     77 |   2 |   51.0 |
               +--------+--------+--------+--------+--------+-----+--------+

Top non-repeatable levels by time:
 Abyss:2: 82 daAuts
 Abyss:1: 20 daAuts
